 Dungeon Crawl Stone Soup version 0.29.1-13-g9f3cf754e1 (webtiles) character file.

Game seed: 11472445451700432321

201 wolfrpgdude the Covered (level 5, -1/47 HPs)
             Began as a Minotaur Fighter on Feb 11, 2023.
             Was an Initiate of Okawaru.
             Slain by a black bear (4 damage)
             ... on level 4 of the Dungeon.
             The game lasted 00:05:36 (4223 turns).

wolfrpgdude the Covered (Minotaur Fighter)          Turns: 4223, Time: 00:05:37

Health: -1/47      AC:  7    Str: 21    XL:     5   Next: 50%
Magic:  4/4        EV: 10    Int: 13    God:    Okawaru [......]
Gold:   207        SH:  5    Dex:  7    Spells: 4/4 levels left

rFire   . . .      SeeInvis .   a - +1 long sword
rCold   . . .      Faith    .   c - +1 buckler
rNeg    . . .      Spirit   .   j - +3 leather armour
rPois   +          Reflect  .   (helmet unavailable)
rElec   .          Harm     .   (no cloak)
rCorr   .          Rampage  .   l - +0 pair of gloves
Will    +....                   (no boots)
Stlth   +.........              (no amulet)
HPRegen 0.15/turn               h - ring of willpower
MPRegen 0.09/turn               o - ring of poison resistance

@: no status effects
A: horns 3, retaliatory headbutt, clever 2
a: Renounce Religion


You were on level 4 of the Dungeon.
You worshipped Okawaru.
Okawaru was noncommittal.
You visited 1 branch of the dungeon, and saw 4 of its levels.
You also visited: Ossuary.

You collected 207 gold pieces.

Inventory:

Hand Weapons
 a - a +1 long sword (weapon)
Armour
 b - a +0 scale mail
 c - a +1 buckler (worn)
 j - a +3 leather armour (worn)
 l - a +0 pair of gloves (worn)
Jewellery
 h - a ring of willpower (left hand)
 o - a ring of poison resistance (right hand)
Wands
 p - a wand of iceblast (9)
Scrolls
 f - 7 scrolls of identify
 g - 2 scrolls of teleportation
 i - a scroll of amnesia
Potions
 d - 2 potions of might
 e - a potion of heal wounds
 k - a potion of lignification {unknown}


   Skills:
 + Level 4.9 Fighting
 + Level 4.0 Long Blades
 + Level 4.9 Armour
 + Level 4.8 Shields


You had 4 spell levels left.
You didn't know any spells.
Your spell library was empty.

Dungeon Overview and Level Annotations

Branches:
Dungeon (4/15)             Temple (0/1) D:4         Ossuary (visited)

Altars:
Ashenzari
Okawaru
Uskayaw


Innate Abilities, Weirdness & Mutations

You have a pair of large horns on your head.
You reflexively headbutt those who attack you in melee.
Your mind is very acute. (Int +8, Str/Dex -2)


Message History

The black bear is heavily wounded.
The black bear bites you. The black bear closely misses you. x2
You hit the black bear.
The black bear is severely wounded.
The black bear goes berserk!
The black bear bites you!
The black bear claws you but does no damage.
You block the black bear's attack.
You hit the black bear but do no damage.
Your headbutt misses the black bear.
The black bear is severely wounded.
The black bear misses you.
The black bear claws you but does no damage. x2
You hit the black bear.
The black bear is almost dead.
The black bear barely misses you. The black bear closely misses you.
The black bear claws you but does no damage.
The black bear bites you.
The black bear claws you but does no damage.
You block the black bear's attack.
You barely miss the black bear.
You headbutt the black bear, but do no damage.
The black bear is almost dead.
The black bear bites you.
The black bear claws you but does no damage. x2
The black bear bites you! The black bear closely misses you.
The black bear claws you but does no damage.
You barely miss the black bear.
The black bear is almost dead.
The black bear bites you!
* * * LOW HITPOINT WARNING * * *
The black bear claws you but does no damage. x2
The black bear bites you.
* * * LOW HITPOINT WARNING * * *
The black bear claws you.
* * * LOW HITPOINT WARNING * * *
You block the black bear's attack.
You barely miss the black bear.
The black bear is almost dead.
The black bear bites you.
You die...

..# ##.....°...........##........
..# #.................##....###.
..# #.°.°..°.°○.°.....##....#.#.
..####.°.°.○.○..°....○.##..###.##
.)...#.....○...°....○..##..#.....
..####.°...............##..###.##
.....#######**###******#.....#.#.
#####.#....####.#########....###.
.............#..@h...............
#####.####)#.#..########.##.#.##.
......# #................#......
#############.....######..#......
#................................
#.###############.####....##.....
.........########..)÷..##.##.....
#.####............>######.##.....
..# #.#.########### #...###'###


You could see a black bear (berserk).

Vanquished Creatures
  2 hounds (D:4)
  6 adders
  A shadow imp (D:4)
  2 worms
  3 dart slugs
  5 bats
  4 endoplasms
  5 giant cockroaches
  5 goblins
  5 hobgoblins
  3 jackals (D:1)
  3 quokkas
  6 ball pythons
  5 frilled lizards
  10 kobolds
  A kobold zombie (Ossuary)
  A rat (D:1)
67 creatures vanquished.

Vanquished Creatures (collateral kills)
  2 goblins (D:1)
2 creatures vanquished.

Vanquished Creatures (others)
  2 endoplasms (D:4)
2 creatures vanquished.

Grand Total: 71 creatures vanquished

Notes
Turn   | Place    | Note
-------+----------+-------------------------------------------
     0 | D:1      | wolfrpgdude the Minotaur Fighter began the quest for the
                  | Orb.
     0 | D:1      | Reached XP level 1. HP: 19/19 MP: 0/0
   153 | D:1      | Reached XP level 2. HP: 10/27 MP: 1/1
   439 | D:1      | Found a faded altar of an unknown god.
   750 | D:1      | Reached XP level 3. HP: 33/33 MP: 2/2
  1090 | D:2      | Gained mutation: A frigid envelope surrounds you and
                  | freezes all who hurt you. [potion of mutation]
  1090 | D:2      | Gained mutation: Your magical capacity is low. (-10% MP)
                  | [potion of mutation]
  1962 | D:2      | Lost mutation: A frigid envelope surrounds you and freezes
                  | all who hurt you. [potion of mutation]
  1962 | D:2      | Lost mutation: Your magical capacity is low. (-10% MP)
                  | [potion of mutation]
  1962 | D:2      | Gained mutation: You have a pair of large horns on your
                  | head. [potion of mutation]
  1962 | D:2      | Gained mutation: Your mind is acute. (Int +4, Str/Dex -1)
                  | [potion of mutation]
  1962 | D:2      | Gained mutation: Your mind is very acute. (Int +8, Str/Dex
                  | -2) [potion of mutation]
  2208 | D:3      | Found a hide-covered altar of Uskayaw.
  2450 | D:3      | Reached XP level 4. HP: 39/41 MP: 3/3
  2478 | D:3      | Found an iron altar of Okawaru.
  2484 | D:3      | Became a worshipper of Warmaster Okawaru
  3081 | D:4      | Found a sand-covered staircase.
  3086 | Ossuary  | Entered an ossuary
  3441 | D:4      | Reached XP level 5. HP: 45/47 MP: 4/4
  3751 | D:4      | Found a broken altar of Ashenzari.
  3800 | D:4      | Found a staircase to the Ecumenical Temple.
  4210 | D:4      | Noticed a black bear
  4223 | D:4      | Slain by a black bear

Illustrated notes

Levels and vault maps discovered:
D:1:      amcnicky_arrival_underground_garden, layout_loops_cross,
          hellmonk_ecumenical_altar_crossroads
D:2:      layout_basic
D:3:      layout_loops_ring, mainiacjoe_overflow_24_doors, old_standard_altar
D:4:      layout_basic, cheibrodos_ashenzari_chains, lemuel_temple_firewalk_a,
          nicolae_ossuary_entry_plus

Skill      XL: |  1  2  3  4  5 |
---------------+----------------+-----
Fighting       | 4 |  4.9
Armour         | 4 |  4.9
Shields        | 4 |  4.8
Long Blades    | 3 4 |  4.0

Action                   |  1- 3 |  4- 6 || total
-------------------------+-------+-------++-------
Melee: Long sword        |    80 |   101 ||   181
       Headbutt          |     7 |    10 ||    17
  Use: Scroll            |     5 |     5 ||    10
       Potion            |     2 |       ||     2
Armor: Scale mail        |    25 |       ||    25
       Leather armour    |     7 |    54 ||    61
Dodge: Dodged            |    43 |    64 ||   107
Block: Buckler           |    20 |    36 ||    56
